TOP OF THE 1ST |
Ft. Worth Cattlemen batting - Pitching for Nashville Outlaws : RHP Ralph Minor
|
Pitching: RHP Ralph Minor
|
|
Batting: RHB Dennis Wacher
|
0-0: Called Strike 0-1: Ball 1-1: Ball 2-1: Ball 3-1: Foul Ball, location: 2F 3-2: Foul Ball, location: 2F 3-2: DOUBLE (Line Drive, 9LS, EV 110.6 MPH)
|
Batting: LHB Semo Hoaloha
|
0-0: DOUBLE (Flyball, 8LXD, EV 109.4 MPH) Dennis Wacher scores
|
Batting: LHB Craig Woods
|
0-0: Ball 1-0: Called Strike 1-1: Called Strike 1-2: Ground out 6-3 (Groundball, 6M, EV 84.4 MPH) Semo Hoaloha to third
|
Batting: SHB Kolby Hay
|
0-0: Called Strike 0-1: Ball 1-1: Swinging Strike 1-2: Foul Ball, location: 2F 1-2: SINGLE (Line Drive, 9S, EV 95.0 MPH) Semo Hoaloha scores
|
Batting: RHB Derek Bangert
|
0-0: Called Strike Kolby Hay steals 2nd base 0-1: Ball 1-1: Swinging Strike 1-2: Ball 2-2: Ground out 6-3 (Groundball, 6M, EV 88.1 MPH) Kolby Hay to third
|
Batting: LHB Count Dante
|
0-0: Foul Ball, location: 2F 0-1: Ball 1-1: Ball 2-1: SINGLE (Groundball, 6, EV 90.6 MPH) (infield hit) Kolby Hay scores
|
Batting: RHB Min-gook Ch'oe
|
0-0: Foul Ball, location: 2F 0-1: Ball 1-1: SINGLE (Groundball, 4D, EV 103.8 MPH) Count Dante to second Runner from 2nd tries for 3rd, SAFE, throw by CF made to third
|
Batting: RHB Lonnie Doble
|
0-0: Ball 1-0: Called Strike 1-1: Swinging Strike 1-2: Strikes out swinging
|
Top of the 1st over - 3 runs, 5 hits, 0 errors, 2 left on base; Ft. Worth 3 - Nashville 0 |
BOTTOM OF THE 1ST |
Nashville Outlaws batting - Pitching for Ft. Worth Cattlemen : RHP Armando Romano
|
Pitching: RHP Armando Romano
|
|
Batting: RHB Broderick Sarcoma
|
0-0: Ball 1-0: Swinging Strike 1-1: Fly out, F7 (Flyball, 78S, EV 77.5 MPH)
|
Batting: LHB Juan Santángel
|
0-0: Called Strike 0-1: Ball 1-1: Foul Ball, location: 2F 1-2: Strikes out swinging
|
Batting: LHB Nikolai Volkoff
|
0-0: Swinging Strike 0-1: Foul Ball, location: 2F 0-2: SINGLE (Line Drive, 9S, EV 92.5 MPH)
|
Batting: RHB Javier Sierra
|
0-0: Ball 1-0: Ball 2-0: Ball 3-0: Called Strike 3-1: Base on Balls Nikolai Volkoff to second
|
Batting: RHB Shimei Miura
|
0-0: Fly out, F6 (Flyball, 56D, EV 87.5 MPH)
|
Bottom of the 1st over - 0 runs, 1 hit, 0 errors, 2 left on base; Ft. Worth 3 - Nashville 0 |
TOP OF THE 2ND |
Ft. Worth Cattlemen batting - Pitching for Nashville Outlaws : RHP Ralph Minor
|
Batting: RHB Hayes Rutherford
|
0-0: Ball 1-0: Ball 2-0: Reached on error, E4 (Groundball, 4M, EV 98.8 MPH)
|
Batting: RHB Dennis Wacher
|
0-0: Called Strike 0-1: Foul Ball, location: 2F 0-2: Ball 1-2: Ground out 6-3 (Groundball, 56, EV 88.1 MPH)
|
Batting: LHB Semo Hoaloha
|
0-0: Called Strike 0-1: Ball 1-1: Foul Ball, location: 2F 1-2: Ground out 3-1 (Groundball, 34, EV 103.8 MPH) Hayes Rutherford to third
|
Batting: LHB Craig Woods
|
0-0: Called Strike 0-1: Ball 1-1: Called Strike 1-2: Foul Ball, location: 2F 1-2: Foul Ball, location: 2F 1-2: Ball 2-2: Ball 3-2: Foul Ball, location: 2F 3-2: Ground out 4-3 (Groundball, 4, EV 78.8 MPH)
|
Top of the 2nd over - 0 runs, 0 hits, 1 error, 1 left on base; Ft. Worth 3 - Nashville 0 |
BOTTOM OF THE 2ND |
Nashville Outlaws batting - Pitching for Ft. Worth Cattlemen : RHP Armando Romano
|
Batting: LHB Bartolo Soto
|
0-0: Called Strike 0-1: TRIPLE (Flyball, 89XD, EV 101.2 MPH)
|
Batting: LHB Wilson Hernández
|
0-0: Called Strike 0-1: Ball 1-1: Ball 2-1: Ball 3-1: Called Strike 3-2: TRIPLE (Line Drive, 89XD, EV 98.8 MPH) Bartolo Soto scores
|
Batting: RHB Jong-yun Rhee
|
0-0: Swinging Strike 0-1: Fly out, F8 (Flyball, 89D, EV 100.6 MPH) Runner from 3rd tags up, SCORES, no throw by CF
|
Batting: LHB Juan Caro
|
0-0: Ball 1-0: Ground out 1-3 (Groundball, 13, EV 93.8 MPH)
|
Batting: RHB Broderick Sarcoma
|
0-0: Ball 1-0: Swinging Strike 1-1: Swinging Strike 1-2: Foul Ball, location: 2F 1-2: Foul Ball, location: 2F 1-2: Strikes out swinging
|
Bottom of the 2nd over - 2 runs, 2 hits, 0 errors, 0 left on base; Ft. Worth 3 - Nashville 2 |
TOP OF THE 3RD |
Ft. Worth Cattlemen batting - Pitching for Nashville Outlaws : RHP Ralph Minor
|
Batting: SHB Kolby Hay
|
0-0: Ball 1-0: Ball 2-0: Foul Ball, location: 2F 2-1: Fly out, F4 (Line Drive, 4, EV 63.1 MPH)
|
Batting: RHB Derek Bangert
|
0-0: Foul Ball, location: 2F 0-1: Swinging Strike 0-2: Ball 1-2: Strikes out looking
|
Batting: LHB Count Dante
|
0-0: Ball 1-0: Called Strike 1-1: Ball 2-1: Ball 3-1: Base on Balls
|
Batting: RHB Min-gook Ch'oe
|
0-0: Called Strike 0-1: Ball 1-1: Called Strike 1-2: Ball 2-2: Ball 3-2: 2-RUN HOME RUN (Line Drive, 78XD, EV 108.1 MPH), Distance : 446 ft
|
Batting: RHB Lonnie Doble
|
0-0: Called Strike 0-1: Foul Ball, location: 2F 0-2: Ball 1-2: Ball 2-2: Foul Ball, location: 2F 2-2: Strikes out swinging
|
Top of the 3rd over - 2 runs, 1 hit, 0 errors, 0 left on base; Ft. Worth 5 - Nashville 2 |
BOTTOM OF THE 3RD |
Nashville Outlaws batting - Pitching for Ft. Worth Cattlemen : RHP Armando Romano
|
Batting: LHB Juan Santángel
|
0-0: Called Strike 0-1: Ball 1-1: Ball 2-1: Foul Ball, location: 2F 2-2: Foul Ball, location: 2F 2-2: Strikes out looking
|
Batting: LHB Nikolai Volkoff
|
0-0: Ball 1-0: Swinging Strike 1-1: Ball 2-1: Ground out 5-3 (Groundball, 56, EV 76.9 MPH)
|
Batting: RHB Javier Sierra
|
0-0: Foul Ball, location: 2F 0-1: Ball 1-1: Swinging Strike 1-2: Foul Ball, location: 2F 1-2: Foul Ball, location: 2F 1-2: Ball 2-2: Foul Ball, location: 2F 2-2: Fly out, F7 (Line Drive, 7, EV 96.9 MPH)
|
Bottom of the 3rd over - 0 runs, 0 hits, 0 errors, 0 left on base; Ft. Worth 5 - Nashville 2 |
TOP OF THE 4TH |
Ft. Worth Cattlemen batting - Pitching for Nashville Outlaws : RHP Ralph Minor
|
Pitching: RHP Ignacio Ayala
|
|
Batting: RHB Hayes Rutherford
|
0-0: Called Strike 0-1: Ground out 6-3 (Groundball, 6, EV 84.4 MPH)
|
Batting: RHB Dennis Wacher
|
0-0: Swinging Strike 0-1: Ball 1-1: Swinging Strike 1-2: Ball 2-2: Strikes out swinging
|
Batting: LHB Semo Hoaloha
|
0-0: Ball 1-0: Ball 2-0: Called Strike 2-1: Ball 3-1: Base on Balls
|
Batting: LHB Craig Woods
|
0-0: Called Strike 0-1: Ball 1-1: Ball 2-1: Called Strike 2-2: Strikes out swinging
|
Top of the 4th over - 0 runs, 0 hits, 0 errors, 1 left on base; Ft. Worth 5 - Nashville 2 |
BOTTOM OF THE 4TH |
Nashville Outlaws batting - Pitching for Ft. Worth Cattlemen : RHP Armando Romano
|
Batting: RHB Shimei Miura
|
0-0: Ball 1-0: Ball 2-0: Ball 3-0: Fly out, F7 (Line Drive, 7D, EV 101.2 MPH)
|
Batting: LHB Bartolo Soto
|
0-0: Fly out, F8 (Line Drive, 8LD, EV 83.8 MPH)
|
Batting: LHB Wilson Hernández
|
0-0: Called Strike 0-1: Hit by Pitch
|
Batting: RHB Jong-yun Rhee
|
0-0: Swinging Strike 0-1: Ball 1-1: Ball 2-1: SINGLE (Line Drive, 89S, EV 105.0 MPH) Wilson Hernández to second
|
Batting: LHB Juan Caro
|
0-0: Called Strike 0-1: Ball 1-1: Fly out, F8 (Line Drive, 8LD, EV 93.8 MPH)
|
Bottom of the 4th over - 0 runs, 1 hit, 0 errors, 2 left on base; Ft. Worth 5 - Nashville 2 |
TOP OF THE 5TH |
Ft. Worth Cattlemen batting - Pitching for Nashville Outlaws : RHP Ignacio Ayala
|
Batting: SHB Kolby Hay
|
0-0: Ball 1-0: Called Strike 1-1: Called Strike 1-2: DOUBLE (Line Drive, 78D, EV 101.9 MPH)
|
Batting: RHB Derek Bangert
|
0-0: Ball 1-0: Called Strike 1-1: SINGLE (Line Drive, 5L, EV 98.8 MPH) Kolby Hay to third
|
Batting: LHB Count Dante
|
0-0: Called Strike 0-1: Foul Ball, location: 2F 0-2: Strikes out swinging
|
Batting: RHB Min-gook Ch'oe
|
0-0: Ball 1-0: Ball 2-0: Ball 3-0: Called Strike 3-1: Base on Balls Derek Bangert to second
|
Batting: RHB Lonnie Doble
|
0-0: Ball 1-0: Swinging Strike 1-1: Swinging Strike 1-2: Strikes out looking
|
Batting: RHB Hayes Rutherford
|
0-0: Foul Ball, location: 2F 0-1: Foul Ball, location: 2F 0-2: Foul Ball, location: 2F 0-2: Strikes out swinging
|
Top of the 5th over - 0 runs, 2 hits, 0 errors, 3 left on base; Ft. Worth 5 - Nashville 2 |
BOTTOM OF THE 5TH |
Nashville Outlaws batting - Pitching for Ft. Worth Cattlemen : RHP Armando Romano
|
Batting: RHB Broderick Sarcoma
|
0-0: Ground out 1-3 (Groundball, 15, EV 85.0 MPH)
|
Batting: LHB Juan Santángel
|
0-0: Fly out, F9 (Flyball, 9LMF, EV 107.5 MPH)
|
Batting: LHB Nikolai Volkoff
|
0-0: Ball 1-0: Swinging Strike 1-1: Ball 2-1: Foul Ball, location: 2F 2-2: Ball 3-2: SINGLE (Groundball, 6D, EV 96.9 MPH)
|
Batting: RHB Javier Sierra
|
0-0: Ball 1-0: DOUBLE (Line Drive, 9LM, EV 109.4 MPH) Nikolai Volkoff to third Runner from 3rd tries for Home, SAFE, throw by RF to trailing runner, SAFE at third!
|
Batting: RHB Shimei Miura
|
0-0: Fly out, F9 (Flyball, 89M, EV 83.8 MPH)
|
Bottom of the 5th over - 1 run, 2 hits, 0 errors, 1 left on base; Ft. Worth 5 - Nashville 3 |
TOP OF THE 6TH |
Ft. Worth Cattlemen batting - Pitching for Nashville Outlaws : RHP Ignacio Ayala
|
Batting: RHB Dennis Wacher
|
0-0: Called Strike 0-1: Ground out 6-3 (Groundball, 56, EV 96.9 MPH)
|
Batting: LHB Semo Hoaloha
|
0-0: Called Strike 0-1: Ball 1-1: Ball 2-1: Called Strike 2-2: Strikes out swinging
|
Pitching: RHP Lorenzo Fabián
|
|
Batting: LHB Craig Woods
|
0-0: Ball 1-0: Called Strike 1-1: Ground out U3 (Groundball, 3, EV 100.0 MPH)
|
Top of the 6th over - 0 runs, 0 hits, 0 errors, 0 left on base; Ft. Worth 5 - Nashville 3 |
BOTTOM OF THE 6TH |
Nashville Outlaws batting - Pitching for Ft. Worth Cattlemen : RHP Armando Romano
|
Batting: LHB Bartolo Soto
|
0-0: Ball 1-0: Called Strike 1-1: Ball 2-1: SINGLE (Groundball, 4MD, EV 93.8 MPH)
|
Batting: LHB Wilson Hernández
|
0-0: Called Strike 0-1: Grounds into double play, 5-4-3 (Groundball, 5, EV 85.0 MPH)
|
Batting: RHB Jong-yun Rhee
|
0-0: SINGLE (Line Drive, 8RS, EV 89.4 MPH)
|
Batting: LHB Juan Caro
|
0-0: Ball 1-0: Called Strike 1-1: Swinging Strike 1-2: Fly out, F4 (Line Drive, 4, EV 70.0 MPH)
|
Bottom of the 6th over - 0 runs, 2 hits, 0 errors, 1 left on base; Ft. Worth 5 - Nashville 3 |
TOP OF THE 7TH |
Ft. Worth Cattlemen batting - Pitching for Nashville Outlaws : RHP Lorenzo Fabián
|
Batting: SHB Kolby Hay
|
0-0: Ball 1-0: Ball 2-0: Swinging Strike 2-1: Ball 3-1: Base on Balls
|
Batting: RHB Derek Bangert
|
0-0: Foul Ball, location: 2F 0-1: DOUBLE (Line Drive, 8LXD, EV 107.5 MPH) Kolby Hay to third
|
Batting: LHB Count Dante
|
0-0: Called Strike 0-1: Swinging Strike 0-2: Ball 1-2: Ground out 4-3 (Groundball, 4, EV 104.4 MPH) Kolby Hay scores Derek Bangert to third
|
Batting: RHB Min-gook Ch'oe
|
0-0: Ball 1-0: Ball 2-0: Foul Ball, location: 2F 2-1: Foul Ball, location: 2F 2-2: Ball 3-2: Base on Balls
|
Batting: RHB Lonnie Doble
|
0-0: Foul Ball, location: 2F 0-1: Ball 1-1: Ball 2-1: Foul Ball, location: 2F 2-2: Fly out, F8 (Flyball, 8RD, EV 100.6 MPH) Runner from 3rd tags up, SCORES, throw by CF
|
Batting: RHB Hayes Rutherford
|
0-0: Fly out, F9 (Flyball, 9LMF, EV 86.9 MPH)
|
Top of the 7th over - 2 runs, 1 hit, 0 errors, 1 left on base; Ft. Worth 7 - Nashville 3 |
BOTTOM OF THE 7TH |
Nashville Outlaws batting - Pitching for Ft. Worth Cattlemen : RHP Armando Romano
|
Batting: RHB Broderick Sarcoma
|
0-0: Ball 1-0: Foul Ball, location: 2F 1-1: Fly out, F1 (Line Drive, P, EV 70.6 MPH)
|
Batting: LHB Juan Santángel
|
0-0: Called Strike 0-1: Ground out 3-1 (Groundball, 34, EV 110.6 MPH)
|
Batting: LHB Nikolai Volkoff
|
0-0: Swinging Strike 0-1: Called Strike 0-2: Ground out 5-3 (Groundball, 5L, EV 81.9 MPH)
|
Bottom of the 7th over - 0 runs, 0 hits, 0 errors, 0 left on base; Ft. Worth 7 - Nashville 3 |
TOP OF THE 8TH |
Ft. Worth Cattlemen batting - Pitching for Nashville Outlaws : RHP Lorenzo Fabián
|
Batting: RHB Dennis Wacher
|
0-0: Ground out 2-3 (Groundball, 15S, EV 66.2 MPH)
|
Batting: LHB Semo Hoaloha
|
0-0: Ball 1-0: Ball 2-0: Fly out, F8 (Flyball, 8RM, EV 95.0 MPH)
|
Batting: LHB Craig Woods
|
0-0: Ball 1-0: Ball 2-0: Foul Ball, location: 2F 2-1: Called Strike 2-2: Strikes out swinging
|
Top of the 8th over - 0 runs, 0 hits, 0 errors, 0 left on base; Ft. Worth 7 - Nashville 3 |
BOTTOM OF THE 8TH |
Nashville Outlaws batting - Pitching for Ft. Worth Cattlemen : RHP Armando Romano
|
Pitching: RHP Ignacio Uribe
|
|
Batting: RHB Javier Sierra
|
0-0: Ball 1-0: Ball 2-0: Ground out 4-3 (Groundball, 4M, EV 88.1 MPH)
|
Batting: RHB Shimei Miura
|
0-0: Ball 1-0: Ball 2-0: Ground out 5-3 (Groundball, 56S, EV 66.9 MPH)
|
Batting: LHB Bartolo Soto
|
0-0: SINGLE (Flyball, 8LS, EV 94.4 MPH)
|
Batting: LHB Wilson Hernández
|
0-0: Foul Ball, location: 2F 0-1: Foul Ball, location: 2F 0-2: Ball 1-2: SINGLE (Groundball, 3D, EV 106.2 MPH) Bartolo Soto to second Runner from 2nd tries for 3rd, SAFE, throw by RF made to third
|
Batting: RHB Jong-yun Rhee
|
0-0: Ball 1-0: Ball 2-0: Swinging Strike 2-1: Ball Wild Pitch! Bartolo Soto scores Wilson Hernández to second 3-1: Foul Ball, location: 2F 3-2: Fly out, F1 (Line Drive, P, EV 71.9 MPH)
|
Bottom of the 8th over - 1 run, 2 hits, 0 errors, 1 left on base; Ft. Worth 7 - Nashville 4 |
TOP OF THE 9TH |
Ft. Worth Cattlemen batting - Pitching for Nashville Outlaws : RHP Lorenzo Fabián
|
Batting: SHB Kolby Hay
|
0-0: Ball 1-0: Foul Ball, location: 2F 1-1: Ball 2-1: Called Strike 2-2: Ball 3-2: Foul Ball, location: 2F 3-2: DOUBLE (Flyball, 89D, EV 98.8 MPH)
|
Pitching: RHP Tim Nesheim
|
|
Batting: RHB Derek Bangert
|
0-0: Ball 1-0: Ball 2-0: Swinging Strike 2-1: Ball 3-1: Base on Balls
|
Batting: LHB Count Dante
|
0-0: Ball 1-0: 3-RUN HOME RUN (Flyball, 78XD, EV 96.2 MPH), Distance : 440 ft
|
Batting: RHB Min-gook Ch'oe
|
0-0: DOUBLE (Line Drive, 89D, EV 101.9 MPH)
|
Batting: RHB Lonnie Doble
|
0-0: Called Strike 0-1: Called Strike 0-2: Strikes out swinging
|
Batting: RHB Hayes Rutherford
|
0-0: SINGLE (Line Drive, 4D, EV 98.8 MPH) Min-gook Ch'oe to third Runner from 3rd tries for Home, SAFE, no throw by RF
|
Batting: RHB Dennis Wacher
|
0-0: Ball 1-0: Called Strike 1-1: Called Strike 1-2: Ground out 6-3 (Groundball, 6MS, EV 78.1 MPH) Hayes Rutherford to second
|
Pinch Hitting: RHB Mun-wah Law
|
0-0: Fly out, F7 (Flyball, 7S, EV 83.8 MPH)
|
Top of the 9th over - 4 runs, 4 hits, 0 errors, 1 left on base; Ft. Worth 11 - Nashville 4 |
BOTTOM OF THE 9TH |
Nashville Outlaws batting - Pitching for Ft. Worth Cattlemen : RHP Ignacio Uribe
|
Now at 1B: Mun-wah Law
|
|
Batting: LHB Juan Caro
|
0-0: Ground out U3 (Groundball, 3, EV 88.8 MPH)
|
Pinch Hitting: RHB Bob Hill
|
0-0: Swinging Strike 0-1: Foul Ball, location: 2F 0-2: Ball 1-2: Strikes out swinging
|
Batting: LHB Juan Santángel
|
0-0: Foul Ball, location: 2F 0-1: Foul Ball, location: 2F 0-2: Ball 1-2: Ground out 6-3 (Groundball, 6, EV 78.8 MPH)
|
Bottom of the 9th over - 0 runs, 0 hits, 0 errors, 0 left on base; Ft. Worth 11 - Nashville 4 |
|